 Dungeon Crawl Stone Soup version 0.19.0-19-g8c6edcc (webtiles) character file.

9196 Ladykiller69 the Grappler (level 11, -7/101 HPs)
             Began as a Troll Fighter on Nov 14, 2016.
             Was an Elder of Qazlal.
             Mangled by a hornet simulacrum (15 damage)
             ... on level 10 of the Dungeon.
             The game lasted 00:30:21 (6982 turns).

Ladykiller69 the Grappler (Troll Fighter)           Turns: 6982, Time: 00:30:21

Health: -7/101     AC:  8    Str: 26    XL:     11   Next: 19%
Magic:  12/12      EV: 11    Int:  4    God:    Qazlal [****..]
Gold:   523        SH: 16    Dex: 12    Spells: 0 memorised, 10 levels left

rFire  . . .     SeeInvis .       - Unarmed
rCold  . . .     Gourm    +     O - +2 robe {rN+}
rNeg   + . .     Faith    .     b - +0 shield
rPois  +         Spirit   .     (helmet restricted)
rElec  .         Reflect  .     m - +0 cloak
rCorr  .         Harm     .     (gloves unavailable)
MR     +....                    (boots unavailable)
Stlth  +.........               (no amulet)
                                K - ring of protection from magic
                                x - ring of poison resistance

@: repel missiles
A: unfitting armour, claws 3, fast metabolism 3, gourmand, regeneration 1,
shaggy fur 1, tough skin 2
a: Upheaval, Elemental Force, Renounce Religion


You were on level 10 of the Dungeon.
You worshipped Qazlal.
Qazlal was greatly pleased with you.
You were very full.

You visited 2 branches of the dungeon, and saw 11 of its levels.
You also visited: Ossuary.

You collected 523 gold pieces.

Inventory:

Hand Weapons
 Z - a +0 scimitar of flaming
Missiles
 a - 4 tomahawks
 e - 6 javelins
 g - 353 stones (quivered)
 n - 3 large rocks
 o - 7 javelins of penetration
Armour
 b - a +0 shield (worn)
 m - a +0 cloak (worn)
 O - a +2 robe of positive energy (worn)
Jewellery
 x - a ring of poison resistance (left claw)
 B - an uncursed ring of protection from fire
 K - a ring of protection from magic (right claw)
 Q - an uncursed ring of wizardry
 R - the amulet of the Unstoppable Songs {RegenMP *Corrode rF+ Dex+4}
   (You found it on level 7 of the Dungeon)

   [amulet of magic regeneration]

   It increases your magic regeneration.
   It affects your dexterity (+4).
   It protects you from fire.
   It may corrode you when you take damage.
Wands
 H - a wand of polymorph (12/24)
 N - a wand of lightning (6/15)
 U - a wand of lightning (10/15)
 V - a wand of lightning (8/15)
 W - a wand of confusion (30/48)
 Y - a wand of lightning (8/15)
Scrolls
 h - 3 scrolls of identify
 i - a scroll of fear
 l - a scroll of magic mapping
 q - 4 scrolls of remove curse
 r - a scroll of enchant armour {unknown}
 s - 3 scrolls of amnesia {unknown}
 u - a scroll of blinking {unknown}
 C - 5 scrolls of teleportation {unknown}
 M - a scroll of immolation {unknown}
Potions
 c - 4 potions of might
 p - 2 potions of curing
 t - 4 potions of flight
 v - a potion of resistance
 D - 2 potions of invisibility
 F - a potion of brilliance
 G - a potion of mutation
 I - 4 potions of lignification
 J - 2 potions of magic
 L - a potion of berserk rage {unknown}
 S - a potion of haste {unknown}
 T - a potion of ambrosia {unknown}
Books
 w - a book of Cantrips

   Spells                             Type                      Level
   a - Confusing Touch                Hexes                        1
   b - Animate Skeleton               Necromancy                   1
   c - Summon Small Mammal            Summoning                    1
   d - Apportation                    Translocation                1
 y - a book of Minor Magic

   Spells                             Type                      Level
   a - Magic Dart                     Conjuration                  1
   b - Blink                          Translocation                2
   c - Call Imp                       Summoning                    2
   d - Repel Missiles                 Charms/Air                   2
   e - Slow                           Hexes                        2
   f - Conjure Flame                  Conjuration/Fire             3
   g - Mephitic Cloud                 Conjuration/Poison/Air       3
 A - a book of Necromancy

   Spells                             Type                      Level
   a - Pain                           Necromancy                   1
   b - Animate Skeleton               Necromancy                   1
   c - Vampiric Draining              Necromancy                   3
   d - Regeneration                   Charms/Necromancy            3
   e - Animate Dead                   Necromancy                   4
   f - Control Undead                 Necromancy                   4
 P - a book of Debilitation

   Spells                             Type                      Level
   a - Corona                         Hexes                        1
   b - Slow                           Hexes                        2
   c - Gell's Gravitas                Hexes/Translocation          3
   d - Inner Flame                    Hexes/Fire                   3
   e - Cause Fear                     Hexes                        4
   f - Leda's Liquefaction            Hexes/Earth                  4
 X - a Young Poisoner's Handbook

   Spells                             Type                      Level
   a - Sting                          Conjuration/Poison           1
   b - Mephitic Cloud                 Conjuration/Poison/Air       3
   c - Olgreb's Toxic Radiance        Poison                       4
   d - Alistair's Intoxication        Transmutation/Poison         5
   e - Venom Bolt                     Conjuration/Poison           5
Comestibles
 d - 7 bread rations
 f - 8 royal jellies
 k - 5 fruits
 z - 2 meat rations
 E - a beef jerky


   Skills:
 + Level 4.4 Fighting
 + Level 2.9 Armour
 + Level 4.3 Dodging
 - Level 9.0 Shields
 * Level 11.7 Unarmed Combat
 + Level 3.3 Invocations


You had 10 spell levels left.
You didn't know any spells.

Dungeon Overview and Level Annotations

Branches:
Dungeon (10/15)            Temple (1/1) D:6            Lair (0/6) D:8
    Orc (0/2) D:9

Altars:
Ashenzari
Cheibriados
Dithmenos
Elyvilon
Fedhas
Gozag
Hepliaklqana
Kikubaaqudgha
Makhleb
Nemelex Xobeh
Okawaru
Qazlal
Ru
Sif Muna
Trog
Uskayaw
Vehumet
Xom
Yredelemnul
Zin
The Shining One

Shops:
D:4 }   D:9 *


Innate Abilities, Weirdness & Mutations

You are too large for most types of armour.
You have claws for hands.
Your metabolism is lightning-fast.
You like to eat raw meat.
Your natural rate of healing is unusually fast.
You are covered in fur. (AC +1)
You have very tough skin. (AC +2)


Message History

You block the hornet simulacrum's attack.
The yak closely misses you. You block the orc's attack.
You scratch the hornet simulacrum.
The hornet simulacrum is lightly damaged.
The hornet simulacrum hits you!
* * * LOW HITPOINT WARNING * * *
The hornet simulacrum freezes you!
* * * LOW HITPOINT WARNING * * *
Okay, then.
Okay, then.
Unknown command.
You claw the hornet simulacrum!
The hornet simulacrum is heavily damaged.
You block the yak's attack.
The orc hits you from afar with a trident!
* * * LOW HITPOINT WARNING * * *
The hornet simulacrum hits you.
* * * LOW HITPOINT WARNING * * *
The hornet simulacrum freezes you!
You die...

≈≈.. ≈.≈.##########
.. .....lY@Z.#..
...
....o5###o#.###....
...)#.###.#<.......
.## .T.#o#........
...###o#hO....#...
.......)###.....#.
.......o# .##....
........# .# #.#.
........# +# .#


You could see a yak, a wyvern, a white imp, a hornet simulacrum and 2 orcs.

Vanquished Creatures
  2 hill giants
  2 trolls
  2 queen bees (D:9)
  A hippogriff (D:8)
  Sigmund (D:6)
  A wyvern (D:8)
  5 yaks (D:9)
  Edmund (D:6)
  2 ice beasts
  4 orc warriors (D:9)
  A sky beast (D:7)
  An eye of draining (D:8)
  6 ogres
  A phantom (D:5)
  3 necrophages
  A wolf (D:10)
  4 centaurs
  4 bullfrogs
  2 elf zombies (Ossuary)
  4 scorpions
  27 killer bees
  12 wights
  A centaur zombie (D:4)
  A quasit (D:7)
  4 bullfrog zombies
  A jelly (D:9)
  2 human zombies (Ossuary)
  A gnoll shaman (D:9)
  3 orc priests
  8 orc wizards
  Jessica (D:3)
  3 iguanas
  Natasha (D:2)
  7 worker ants
  A hound zombie (D:6)
  A hound skeleton (D:5)
  7 mummies
  2 worker ant zombies (D:7)
  10 gnolls
  12 adders
  An ufetubus (D:10)
  An ooze (D:3)
  An adder zombie (Ossuary)
  An adder skeleton (D:4)
  2 worms (D:2)
  3 dart slugs
  3 leopard geckos
  37 orcs
  A ball python (D:2)
  11 bats
  2 giant cockroaches
  A gnoll zombie (Ossuary)
  6 goblins
  5 hobgoblins
  4 jackals (D:2)
  3 quokkas
  A ball python skeleton (D:4)
  3 frilled lizards
  A giant cockroach zombie (D:5)
  2 hobgoblin zombies (Ossuary)
  A jackal zombie (Ossuary)
  12 kobolds
  2 kobold zombies (Ossuary)
  An orc zombie (Ossuary)
  A quokka zombie (D:7)
  10 rats
269 creatures vanquished.

Vanquished Creatures (others)
  Erica (D:9)
  12 plants (D:9)
13 creatures vanquished.

Grand Total: 282 creatures vanquished

Notes
Turn   | Place    | Note
-------+----------+-------------------------------------------
     0 | D:1      | Ladykiller69 the Troll Fighter began the quest for the Orb.
     0 | D:1      | Reached XP level 1. HP: 22/22 MP: 0/0
   170 | D:1      | Reached XP level 2. HP: 29/29 MP: 1/1
   403 | D:1      | Found a glowing golden altar of the Shining One.
  1054 | D:2      | Noticed a moth of wrath
  1056 | D:2      | Found a bloodstained altar of Trog.
  1092 | D:2      | Reached XP level 3. HP: 33/36 MP: 2/2
  1447 | D:2      | Noticed Natasha
  1462 | D:2      | Killed Natasha
  1462 | D:2      | Reached skill level 3 in Unarmed Combat
  1462 | D:2      | Reached XP level 4. HP: 29/44 MP: 3/3
  1782 | D:3      | Found a faded altar of an unknown god.
  1824 | D:3      | Noticed Jessica
  1885 | D:3      | Killed Jessica
  2125 | D:3      | Reached XP level 5. HP: 52/52 MP: 4/4
  2256 | D:4      | Reached skill level 4 in Unarmed Combat
  2305 | D:4      | Noticed an ogre
  2312 | D:4      | Killed an ogre
  2312 | D:4      | Reached XP level 6. HP: 58/61 MP: 5/5
  2674 | D:4      | Found Rogg's Gadget Emporium.
  2741 | D:4      | Reached skill level 5 in Unarmed Combat
  2867 | D:5      | Entered Level 5 of the Dungeon
  2870 | D:5      | Reached XP level 7. HP: 67/67 MP: 6/6
  3112 | D:5      | Reached skill level 6 in Unarmed Combat
  3209 | D:5      | Reached skill level 5 in Shields
  3345 | D:5      | Reached XP level 8. HP: 75/75 MP: 7/7
  3450 | D:5      | Reached skill level 7 in Unarmed Combat
  3906 | D:6      | Found a sand-covered staircase.
  3925 | D:6      | Found a staircase to the Ecumenical Temple.
  3939 | Temple   | Entered the Ecumenical Temple
  3982 | Temple   | Became a worshipper of Qazlal Stormbringer
  4041 | Ossuary  | Entered an ossuary
  4129 | Ossuary  | Reached skill level 8 in Unarmed Combat
  4423 | D:6      | Reached * piety under Qazlal
  4522 | D:6      | Noticed Sigmund
  4543 | D:6      | Killed Sigmund
  4543 | D:6      | Reached XP level 9. HP: 35/81 MP: 8/8
  4555 | D:6      | Noticed Edmund
  4583 | D:6      | Killed Edmund
  4785 | D:6      | Reached skill level 9 in Unarmed Combat
  5014 | D:7      | Got a coiled copper amulet
  5015 | D:7      | Identified the amulet of the Unstoppable Songs {RegenMP *Corrode rF+ Dex+4} (You found it on level 7 of the Dungeon)
  5376 | D:8      | Reached skill level 10 in Unarmed Combat
  5409 | D:8      | Reached ** piety under Qazlal
  5488 | D:8      | Found a staircase to the Lair.
  5510 | D:8      | Reached XP level 10. HP: 83/90 MP: 9/9
  5654 | D:8      | Noticed a hill giant
  5680 | D:8      | Killed a hill giant
  5994 | D:9      | Noticed Erica
  6023 | D:9      | Killed Erica
  6023 | D:9      | Reached skill level 1 in Invocations
  6027 | D:9      | Reached skill level 1 in Armour
  6083 | D:9      | Found Fipoucarr's General Store.
  6125 | D:9      | Reached skill level 11 in Unarmed Combat
  6143 | D:9      | Reached *** piety under Qazlal
  6220 | D:9      | Found a staircase to the Orcish Mines.
  6730 | D:9      | Reached XP level 11. HP: 96/100 MP: 12/12
  6762 | D:9      | Noticed a hill giant
  6774 | D:9      | Killed a hill giant
  6933 | D:10     | Entered Level 10 of the Dungeon
  6966 | D:10     | Reached **** piety under Qazlal
  6982 | D:10     | Mangled by a hornet simulacrum

Skill      XL: |  1  2  3  4  5  6  7  8  9 10 |
---------------+-------------------------------+-----
Shields        | 3 4 5 6 8 9 |  9.0
Unarmed Combat | 3 4 5 6 8 10 11 | 11.7
Dodging        | 3 4 |  4.3
Fighting       | 3 4 |  4.4
Invocations    | 3 |  3.3
Armour         | 2 |  2.9

Action                   |  1- 3 |  4- 6 |  7- 9 | 10-12 || total
-------------------------+-------+-------+-------+-------++-------
Melee: Unarmed           |   148 |   141 |   380 |   351 ||  1020
Throw: Javelin           |       |     4 |    11 |       ||    15
Invok: Upheaval          |       |       |       |     2 ||     2
  Use: Scroll            |       |       |     3 |    12 ||    15
       Potion            |       |       |       |     2 ||     2
  Eat: Chunk             |    19 |    13 |    22 |    15 ||    69
Armor: Robe              |    61 |    17 |    73 |    43 ||   194
Dodge: Dodged            |    30 |    37 |   110 |   108 ||   285
Block: Shield            |    56 |    47 |   185 |   244 ||   532
